 Dungeon Crawl Stone Soup version 0.29-a0-362-g5854e031c7 (webtiles) character file.

Game seed: 821544098765758100

102 Artihs the Caller (level 5, 0/36 HPs)
             Began as a Human Summoner on Apr 29, 2022.
             Splashed by a jelly's acid (2 damage)
             ... on level 4 of the Dungeon.
             The game lasted 00:12:45 (1486 turns).

Artihs the Caller (Human Summoner)                  Turns: 1486, Time: 00:12:46

Health: 0/36       AC: -6    Str:  8    XL:     5   Next: 5%
Magic:  1/8        EV: 12    Int: 17    God:
Gold:   93         SH:  0    Dex: 14    Spells: 6/9 levels left

rFire   . . .      SeeInvis .   c - +0 spear
rCold   . . .      Faith    .   (no shield)
rNeg    . . .      Spirit   .   a - +0 robe
rPois   .          Reflect  .   (no helmet)
rElec   .          Harm     .   (no cloak)
rCorr   .          Rampage  .   (no gloves)
Will    .....                   (no boots)
Stlth   ++........              (no amulet)
HPRegen 0.12/turn               (no ring)
MPRegen 0.11/turn               (no ring)

@: corroded
A: no striking features
a: no special abilities


You were on level 4 of the Dungeon.
You visited 1 branch of the dungeon, and saw 3 of its levels.

You collected 93 gold pieces.

Inventory:

Hand Weapons
 c - a +0 spear (weapon)
 e - a +0 dagger
Armour
 a - a +0 robe (worn)
 i - an orb of guile
Scrolls
 d - a scroll of noise {unknown}
 h - a scroll of fog {unknown}
 j - a scroll of holy word {unknown}
 k - a scroll of immolation {unknown}
 l - a scroll of amnesia {unknown}
Potions
 b - a potion of magic
 f - a potion of curing {unknown}
 g - a potion of resistance {unknown}


   Skills:
 + Level 0.8 Fighting
 + Level 1.0 Short Blades
 + Level 0.7 Polearms
 * Level 2.8 Dodging
 + Level 2.5 Stealth
 * Level 2.6 Spellcasting
 * Level 4.4 Summonings


You had 6 spell levels left.
You knew the following spells:

 Your Spells              Type           Power      Damage    Failure   Level
a - Summon Small Mammal   Summ           68%        N/A       3%          1
b - Call Imp              Summ           17%        N/A       4%          2

Your spell library contained the following spells:

 Spells                   Type           Power      Damage    Failure   Level
 Call Canine Familiar     Summ           17%        N/A       9%          3
 Summon Guardian Golem    Hex/Summ       9%         N/A       22%         3
 Dazzling Flash           Conj/Hex       4%         N/A       50%         3
 Summon Lightning Spire   Summ/Air       9%         N/A       58%         4
 Iskenderun's Mystic Bla  Conj/Tloc      2%         2d3       88%         4
 Starburst                Conj/Fire      1%         6d3       100%        6


Dungeon Overview and Level Annotations

Branches:
Dungeon (2/15)

Altars:

Portals:
Sewer: D:4


Message History

Your bat is burned by acid!
Your bat dies!
Your bat's corpse disappears in a puff of smoke!
Your quokka bites the jelly.
Your quokka is burned by acid!
Your crimson imp blinks!
Your quokka bites the jelly.
Your quokka is burned by acid!
Your quokka bites the jelly.
Your quokka is burned by acid!
Your quokka dies!
Your quokka's corpse disappears in a puff of smoke!
Your crimson imp blinks!
Your crimson imp hits the jelly.
Your crimson imp is burned by acid!
The jelly attacks as you move away! The jelly barely misses you.
The jelly hits you. The acid corrodes you!
You are splashed with acid!
* * * LOW HITPOINT WARNING * * *
Your crimson imp hits the jelly.
Your crimson imp is burned by acid!
Your bat hits the jelly.
Your bat is burned by acid!
Your bat dies!
Your bat's corpse disappears in a puff of smoke!
Your quokka bites the jelly.
Your quokka is burned by acid!
The jelly jiggles.
The jelly hits you.
* * * LOW HITPOINT WARNING * * *
The acid corrodes you!
You are splashed with acid.
* * * LOW HITPOINT WARNING * * *
Your crimson imp hits the jelly.
Your crimson imp is burned by acid!
Your quokka bites the jelly.
Your quokka is burned by acid!
Your quokka dies!
Your quokka's corpse disappears in a puff of smoke!
Your crimson imp hits the jelly.
Your crimson imp is burned by acid!
You hit the jelly but do no damage.
Your hands burn!
You die...

#...†.# #.....#
#########.....#
+.....†.'.....#
#########.....###
...†.........+
######..######
########'###
#..@.......# .
#..J.......# ...
#..5.†.....# ...#
#..........###....#
+......(...........
#...........####+##
#...........##
#........†...#
#..........#.##


You could see a jelly (ally target) and a friendly crimson imp (summoned).

Vanquished Creatures
  A hound (D:4)
  A dart slug (D:1)
  A bat (D:4)
  A giant cockroach (D:1)
  A goblin (D:1)
  A hobgoblin (D:4)
  A quokka (D:1)
  A ball python (D:4)
8 creatures vanquished.

Vanquished Creatures (collateral kills)
  An iguana (D:4)
  2 worms (D:4)
  A dart slug (D:2)
  2 endoplasms
  A giant cockroach (D:1)
  A goblin (D:1)
  2 hobgoblins (D:4)
  4 jackals (D:1)
  3 ball pythons (D:1)
  2 bats (D:1)
  3 kobolds (D:1)
  6 rats (D:1)
28 creatures vanquished.

Grand Total: 36 creatures vanquished

Notes
Turn   | Place    | Note
-------+----------+-------------------------------------------
     0 | D:1      | Artihs the Human Summoner began the quest for the Orb.
     0 | D:1      | Reached XP level 1. HP: 13/13 MP: 3/3
   316 | D:1      | Reached XP level 2. HP: 19/19 MP: 1/5
   387 | D:1      | Learned a level 2 spell: Call Imp
   730 | D:1      | Reached XP level 3. HP: 21/24 MP: 2/6
  1246 | D:2      | You fall into a shaft and drop 2 floors!
  1279 | D:4      | Reached XP level 4. HP: 31/31 MP: 0/7
  1382 | D:4      | Found a glowing drain.
  1402 | D:4      | Reached skill level 1 in Short Blades
  1402 | D:4      | Reached XP level 5. HP: 12/36 MP: 4/8
  1483 | D:4      | HP: 1/36 [acid (6)]
  1486 | D:4      | Splashed by a jelly's acid

Illustrated notes

Levels and vault maps discovered:
D:1:      denvon_arrival_waterhouse, layout_basic
D:2:      layout_loops_corners, serial_glass, glass_columns_c, glass_columns_b,
          hangedman_abyss_or_decor_lesser_grid, grunt_ministairs_9
D:4:      layout_basic, nicolae_ru_path_of_blood, cheibrodos_sewer_entry_sluice,
          uniq_duvessa

Skill      XL: |  1  2  3  4 |
---------------+-------------+-----
Short Blades   | 1 |  1.0
Fighting       | |  0.8
Polearms       | |  0.7
Dodging        | |  2.8
Stealth        | |  2.5
Spellcasting   | |  2.6
Summonings     | |  4.4

Action                   |  1- 3 |  4- 6 || total
-------------------------+-------+-------++-------
Melee: Spear             |    30 |     7 ||    37
 Cast: Summon Small Mamm |    36 |     8 ||    44
       Call Imp          |     8 |     4 ||    12
  Use: Potion            |       |     1 ||     1
 Stab: Distracted        |     3 |       ||     3
Armor: Robe              |     5 |     2 ||     7
Dodge: Dodged            |    26 |    13 ||    39

Table legend: (Time is in decaauts)
 A = Elapsed time spent in this place.
 B = Non-inter-level travel time spent in this place.
 C = Inter-level travel time spent in this place.
 D = Time resting spent in this place.
 E = Time spent auto-exploring this place.
 F = Levels seen in this place.
 G = Mean time per level.
                   A        B        C        D        E       F      G
               +--------+--------+--------+--------+--------+-----+--------+
         Total |   1468 |   1298 |    170 |    529 |    463 |   3 |  489.3 |
       Dungeon |   1468 |   1298 |    170 |    529 |    463 |   3 |  489.3 |
               +--------+--------+--------+--------+--------+-----+--------+

Top non-repeatable levels by time:
     D:1: 1233 daAuts
     D:4: 220 daAuts
     D:2: 14 daAuts
